2716 views
Uploaded 2023-09-12 01:24:19
Game version 1.36 (6115)
29:49 long 2on2 ladder game on (4)Synergy_S2
Saved by GIGA
2716 views
Uploaded 2023-09-12 01:24:19
Game version 1.36 (6115)
29:49 long 2on2 ladder game on (4)Synergy_S2


92 units @ 12.5k
/ 1.9k
66 buildings @ 8.6k
/ 4.5k
Magma
(2)
(29:32) : 

| Potion of Lesser Invulnerability | 2 | 300 |
| Healing Salve | 1 | 100 |
| Scroll of Speed | 1 | 50 |
| Orb of Lightning | 1 | 375 |
| The Lion Horn of Stormwind | 1 | 400 |
| total: | 6 | 1225g |
| Peasant | 10 | 750 | / | 0 |
| Footman | 11 | 1485 | / | 0 |
| Priest | 5 | 675 | / | 50 |
| Flying Machine | 10 | 1000 | / | 300 |
| Knight | 5 | 1225 | / | 300 |
| Siege Engine | 4 | 780 | / | 240 |
| total: | 45 | 5915g | / | 890w |
| Scout Tower | 5 | 150 | / | 100 |
| Arcane Tower | 1 | 70 | / | 50 |
| Guard Tower | 2 | 140 | / | 100 |
| Altar of Kings | 1 | 180 | / | 50 |
| Farm | 13 | 1040 | / | 260 |
| Barracks | 1 | 160 | / | 60 |
| Lumber Mill | 1 | 120 | / | 0 |
| Blacksmith | 1 | 140 | / | 60 |
| Arcane Vault | 1 | 130 | / | 30 |
| Town Hall | 2 | 770 | / | 410 |
| Arcane Sanctum | 1 | 150 | / | 140 |
| Workshop | 3 | 420 | / | 420 |
| Keep | 1 | 320 | / | 210 |
| Castle | 1 | 360 | / | 210 |
| total: | 29 | 3260g | / | 1530w |
| 0:01 | Peasant |
| 0:01 | Peasant |
| 0:06 | Altar of Kings |
| 0:19 | Farm |
| 0:22 | Barracks |
| 0:32 | Peasant |
| 0:54 | Peasant |
| 0:54 | Peasant |
| 1:03 | Farm |
| 1:04 | Farm |
| 1:14 | Peasant |
| 1:24 | Footman |
| 1:42 | Scout Tower |
| 1:45 | Footman |
| 1:47 | Peasant |
| 2:04 | Summon Water Elemental |
| 2:16 | Footman |
| 2:16 | Peasant |
| 2:18 | Arcane Tower |
| 2:47 | Farm |
| 3:32 | Brilliance Aura |
| 3:52 | Footman |
| 3:52 | Footman |
| 4:43 | Footman |
| 4:43 | Footman |
| 4:43 | Keep |
| 4:46 | Lumber Mill |
| 4:49 | Blacksmith |
| 4:52 | Farm |
| 5:01 | Arcane Vault |
| 5:36 | Summon Water Elemental |
| 5:44 | Footman |
| 5:44 | Footman |
| 6:01 | Improved Masonry |
| 6:04 | Farm |
| 6:21 | Improved Lumber Harvesting |
| 6:22 | Iron Plating |
| 6:54 | Footman |
| 6:55 | Footman |
| 6:58 | Farm |
| 7:07 | Arcane Sanctum |
| 7:16 | Defend |
| 8:04 | Storm Bolt |
| 8:34 | The Lion Horn of Stormwind |
| 9:06 | Healing Salve |
| 9:06 | Scroll of Speed |
| 10:02 | Bash |
| 10:13 | Brilliance Aura |
| 10:26 | Priest |
| 10:26 | Priest |
| 10:26 | Priest |
| 10:28 | Castle |
| 10:29 | Priest Adept Training |
| 10:32 | Steel Plating |
| 10:32 | Iron Forged Swords |
| 10:34 | Workshop |
| 10:37 | Farm |
| 10:46 | Potion of Lesser Invulnerability |
| 10:51 | Priest Master Training |
| 11:04 | Workshop |
| 11:40 | Workshop |
| 11:41 | Flak Cannons |
| 11:48 | Farm |
| 11:54 | Farm |
| 12:43 | Flying Machine |
| 12:43 | Flying Machine |
| 12:45 | Flying Machine |
| 12:45 | Flying Machine |
| 12:50 | Priest |
| 13:15 | Knight |
| 13:19 | Flying Machine |
| 13:31 | Potion of Lesser Invulnerability |
| 13:43 | Flying Machine |
| 14:27 | Flying Machine Bombs |
| 14:32 | Priest |
| 14:35 | Farm |
| 14:36 | Farm |
| 15:08 | Storm Bolt |
| 15:15 | Animal War Training |
| 15:19 | Steel Forged Swords |
| 16:13 | Flying Machine |
| 16:13 | Flying Machine |
| 16:13 | Flying Machine |
| 16:13 | Flying Machine |
| 17:04 | Black Gunpowder |
| 17:57 | Orb of Lightning |
| 18:20 | Barrage |
| 18:21 | Refined Gunpowder |
| 19:34 | Siege Engine |
| 19:35 | Siege Engine |
| 20:45 | Imbued Gunpowder |
| 20:52 | Farm |
| 21:20 | Knight |
| 21:39 | Siege Engine |
| 22:53 | Town Hall |
| 23:12 | Siege Engine |
| 23:59 | Town Hall |
| 25:02 | Scout Tower |
| 25:03 | Scout Tower |
| 25:12 | Scout Tower |
| 25:13 | Scout Tower |
| 25:32 | Guard Tower |
| 25:35 | Peasant |
| 25:35 | Peasant |
| 25:47 | Guard Tower |
| 26:18 | Advanced Lumber Harvesting |
| 26:21 | Knight |
| 27:41 | Knight |
| 27:43 | Knight |
| Right click | 1390 |
| Select | 630 |
| Select group | 417 |
| Build/train/purchase | 169 |
| Misc. action | 66 |
| Assign group | 35 |
| Use ability | 35 |
| Resource trade | 14 |
| Minimap ping | 12 |
| Item give/drop | 2 |
| Esc | 2 |



| Lesser Clarity Potion | 4 | 280 |
| Healing Salve | 2 | 200 |
| Scroll of Speed | 1 | 50 |
| Potion of Healing | 3 | 450 |
| Potion of Mana | 3 | 600 |
| Orb of Lightning | 3 | 1125 |
| Tiny Great Hall | 4 | 2400 |
| Scroll of Town Portal | 1 | 350 |
| Scroll of Healing | 1 | 250 |
| Circlet of Nobility | 1 | 175 |
| Staff of Teleportation | 1 | 150 |
| Boots of Speed | 1 | 250 |
| Potion of Lesser Invulnerability | 2 | 300 |
| Khadgar's Pipe of Insight | 2 | 1000 |
| total: | 29 | 7580g |
| Peon | 21 | 1575 | / | 0 |
| Grunt | 5 | 1000 | / | 0 |
| Spirit Walker | 3 | 585 | / | 105 |
| Troll Batrider | 13 | 2080 | / | 520 |
| Tauren | 4 | 1120 | / | 320 |
| Kodo Beast | 1 | 255 | / | 60 |
| total: | 47 | 6615g | / | 1005w |
| Watch Tower | 14 | 1540 | / | 1120 |
| Altar of Storms | 1 | 180 | / | 50 |
| Orc Burrow | 9 | 1440 | / | 360 |
| Voodoo Lounge | 2 | 260 | / | 60 |
| Barracks | 1 | 180 | / | 50 |
| War Mill | 1 | 205 | / | 0 |
| Great Hall | 1 | 385 | / | 185 |
| Spirit Lodge | 1 | 150 | / | 150 |
| Tauren Totem | 2 | 270 | / | 310 |
| Beastiary | 5 | 725 | / | 700 |
| Stronghold | 1 | 315 | / | 190 |
| Fortress | 1 | 325 | / | 190 |
| total: | 37 | 5335g | / | 2985w |
| 0:01 | Peon |
| 0:06 | Altar of Storms |
| 0:07 | Peon |
| 0:16 | Orc Burrow |
| 0:29 | Peon |
| 0:46 | Peon |
| 0:59 | Voodoo Lounge |
| 1:01 | Peon |
| 1:18 | Peon |
| 2:05 | Lesser Clarity Potion |
| 2:05 | Lesser Clarity Potion |
| 2:06 | Healing Salve |
| 2:09 | Barracks |
| 2:13 | Wind Walk |
| 2:23 | Stronghold |
| 2:47 | Orc Burrow |
| 2:50 | War Mill |
| 3:25 | Grunt |
| 3:31 | Orc Burrow |
| 3:39 | Circlet of Nobility |
| 3:40 | Staff of Teleportation |
| 3:59 | Boots of Speed |
| 4:31 | Grunt |
| 5:02 | Berserker Strength |
| 5:08 | Critical Strike |
| 5:18 | Spirit Lodge |
| 5:25 | Pillage |
| 5:39 | Tauren Totem |
| 5:59 | Endurance Aura |
| 6:01 | Scroll of Speed |
| 6:01 | Potion of Healing |
| 6:06 | Healing Salve |
| 6:16 | Grunt |
| 6:17 | Grunt |
| 7:02 | Orc Burrow |
| 7:03 | Orc Burrow |
| 7:05 | Spirit Walker |
| 7:17 | Reinforced Defenses |
| 7:27 | War Stomp |
| 7:48 | Scroll of Town Portal |
| 7:49 | Potion of Healing |
| 7:53 | Lesser Clarity Potion |
| 8:02 | Spirit Walker Adept Training |
| 8:16 | Fortress |
| 8:34 | Spirit Walker Master Training |
| 8:37 | Spirit Walker |
| 8:58 | Wind Walk |
| 9:05 | Watch Tower |
| 9:36 | Grunt |
| 9:59 | War Stomp |
| 10:31 | Spirit Walker |
| 10:33 | Steel Armor |
| 11:23 | Orc Burrow |
| 11:28 | Beastiary |
| 11:42 | Healing Wave |
| 11:43 | Potion of Healing |
| 11:44 | Potion of Mana |
| 11:45 | Potion of Mana |
| 12:03 | Orb of Lightning |
| 12:49 | Troll Batrider |
| 12:49 | Troll Batrider |
| 12:49 | Troll Batrider |
| 12:49 | Troll Batrider |
| 13:22 | Scroll of Healing |
| 13:33 | Orc Burrow |
| 14:12 | Troll Batrider |
| 14:13 | Troll Batrider |
| 14:13 | Troll Batrider |
| 14:44 | Tauren |
| 14:44 | Tauren |
| 14:54 | Critical Strike |
| 15:08 | Endurance Aura |
| 15:22 | Hex |
| 15:27 | Troll Batrider |
| 15:44 | Tauren |
| 15:59 | Pulverize |
| 16:15 | Great Hall |
| 16:38 | Watch Tower |
| 16:39 | Spiked Barricades |
| 16:40 | Improved Spiked Barricades |
| 17:09 | Beastiary |
| 18:26 | Watch Tower |
| 18:56 | Beastiary |
| 19:00 | Peon |
| 19:14 | Peon |
| 19:17 | Tauren Totem |
| 19:19 | Beastiary |
| 19:35 | Watch Tower |
| 19:41 | Peon |
| 20:07 | Peon |
| 20:09 | Watch Tower |
| 20:11 | Watch Tower |
| 20:11 | Watch Tower |
| 20:33 | Voodoo Lounge |
| 20:36 | Peon |
| 20:48 | Orb of Lightning |
| 21:03 | Watch Tower |
| 21:10 | Troll Batrider |
| 21:10 | Troll Batrider |
| 21:46 | Khadgar's Pipe of Insight |
| 21:46 | Khadgar's Pipe of Insight |
| 22:00 | Orc Burrow |
| 22:29 | Orc Burrow |
| 22:48 | Healing Wave |
| 22:57 | Tiny Great Hall |
| 22:57 | Tiny Great Hall |
| 23:17 | Peon |
| 23:29 | Watch Tower |
| 23:52 | Watch Tower |
| 24:33 | Watch Tower |
| 24:34 | Watch Tower |
| 24:34 | Peon |
| 24:35 | Peon |
| 24:35 | Peon |
| 24:35 | Peon |
| 24:44 | Lesser Clarity Potion |
| 24:53 | Orb of Lightning |
| 25:07 | Beastiary |
| 25:10 | Peon |
| 25:22 | Watch Tower |
| 25:24 | Peon |
| 25:30 | Peon |
| 25:30 | Peon |
| 25:30 | Peon |
| 25:46 | Potion of Mana |
| 25:52 | Watch Tower |
| 26:39 | Kodo Beast |
| 26:39 | Troll Batrider |
| 26:40 | Troll Batrider |
| 26:40 | Troll Batrider |
| 26:59 | Potion of Lesser Invulnerability |
| 26:59 | Potion of Lesser Invulnerability |
| 27:03 | Tauren |
| 27:35 | Tiny Great Hall |
| 28:39 | Tiny Great Hall |
| Select group | 4473 |
| Right click | 2517 |
| Select | 414 |
| Misc. action | 199 |
| Build/train/purchase | 193 |
| Assign group | 102 |
| Use ability | 81 |
| Minimap ping | 19 |
| Item give/drop | 16 |
| Esc | 4 |
| Remove unit | 2 |
80 units @ 8.3k
/ 1.6k
106 buildings @ 6.2k
/ 3.2k
DudeWhy
(236)
(29:45) : 


| Scroll of Regeneration | 1 | 100 |
| total: | 1 | 100g |
| Peasant | 15 | 1125 | / | 0 |
| Footman | 2 | 270 | / | 0 |
| Mortar Team | 2 | 360 | / | 140 |
| total: | 19 | 1755g | / | 140w |
| Scout Tower | 60 | 1800 | / | 1200 |
| Arcane Tower | 3 | 210 | / | 150 |
| Guard Tower | 28 | 1960 | / | 1400 |
| Altar of Kings | 1 | 180 | / | 50 |
| Barracks | 1 | 160 | / | 60 |
| Farm | 7 | 560 | / | 140 |
| Lumber Mill | 1 | 120 | / | 0 |
| Arcane Vault | 1 | 130 | / | 30 |
| Town Hall | 1 | 385 | / | 205 |
| Blacksmith | 1 | 140 | / | 60 |
| Workshop | 2 | 280 | / | 280 |
| Keep | 1 | 320 | / | 210 |
| Castle | 1 | 360 | / | 210 |
| total: | 75 | 3755g | / | 2025w |
| 0:02 | Peasant |
| 0:07 | Peasant |
| 0:11 | Altar of Kings |
| 0:12 | Peasant |
| 0:19 | Barracks |
| 0:20 | Peasant |
| 0:34 | Farm |
| 0:42 | Peasant |
| 0:55 | Peasant |
| 1:03 | Farm |
| 1:06 | Peasant |
| 1:24 | Lumber Mill |
| 1:29 | Footman |
| 1:40 | Scout Tower |
| 1:46 | Footman |
| 1:56 | Scout Tower |
| 2:02 | Peasant |
| 2:19 | Peasant |
| 2:19 | Peasant |
| 2:21 | Storm Bolt |
| 2:28 | Arcane Tower |
| 2:29 | Scout Tower |
| 3:17 | Arcane Tower |
| 3:39 | Scout Tower |
| 3:40 | Scout Tower |
| 3:41 | Scout Tower |
| 3:44 | Scout Tower |
| 3:45 | Scout Tower |
| 4:02 | Improved Lumber Harvesting |
| 4:02 | Improved Masonry |
| 4:36 | Guard Tower |
| 4:39 | Guard Tower |
| 4:56 | Guard Tower |
| 5:07 | Guard Tower |
| 5:37 | Peasant |
| 5:37 | Peasant |
| 5:49 | Scout Tower |
| 5:50 | Scout Tower |
| 5:55 | Keep |
| 6:46 | Bash |
| 6:48 | Guard Tower |
| 7:39 | Scout Tower |
| 7:39 | Scout Tower |
| 7:40 | Scout Tower |
| 7:42 | Scout Tower |
| 7:43 | Scout Tower |
| 7:43 | Scout Tower |
| 7:44 | Scout Tower |
| 8:14 | Guard Tower |
| 8:20 | Peasant |
| 8:20 | Peasant |
| 8:20 | Peasant |
| 8:42 | Farm |
| 9:57 | Guard Tower |
| 10:35 | Arcane Vault |
| 10:45 | Guard Tower |
| 11:26 | Scout Tower |
| 11:28 | Scout Tower |
| 11:35 | Holy Light |
| 11:36 | Scroll of Regeneration |
| 11:44 | Scout Tower |
| 12:07 | Guard Tower |
| 12:14 | Guard Tower |
| 13:13 | Storm Bolt |
| 13:38 | Advanced Masonry |
| 13:43 | Scout Tower |
| 13:44 | Scout Tower |
| 13:44 | Scout Tower |
| 13:45 | Scout Tower |
| 13:46 | Scout Tower |
| 14:02 | Scout Tower |
| 14:03 | Scout Tower |
| 14:04 | Scout Tower |
| 15:37 | Guard Tower |
| 16:01 | Scout Tower |
| 16:01 | Scout Tower |
| 16:03 | Scout Tower |
| 16:04 | Scout Tower |
| 16:04 | Scout Tower |
| 16:05 | Scout Tower |
| 16:05 | Scout Tower |
| 16:07 | Scout Tower |
| 16:07 | Scout Tower |
| 16:08 | Scout Tower |
| 16:08 | Scout Tower |
| 16:09 | Scout Tower |
| 16:09 | Scout Tower |
| 16:36 | Guard Tower |
| 16:38 | Guard Tower |
| 16:39 | Guard Tower |
| 16:41 | Scout Tower |
| 16:42 | Scout Tower |
| 16:43 | Scout Tower |
| 16:47 | Scout Tower |
| 16:48 | Scout Tower |
| 17:00 | Guard Tower |
| 17:02 | Scout Tower |
| 17:13 | Guard Tower |
| 17:14 | Guard Tower |
| 17:17 | Guard Tower |
| 17:18 | Guard Tower |
| 17:25 | Town Hall |
| 17:26 | Scout Tower |
| 17:27 | Scout Tower |
| 17:28 | Scout Tower |
| 17:28 | Scout Tower |
| 17:29 | Scout Tower |
| 17:29 | Scout Tower |
| 17:32 | Arcane Tower |
| 17:56 | Guard Tower |
| 18:18 | Guard Tower |
| 18:34 | Guard Tower |
| 18:36 | Scout Tower |
| 19:04 | Guard Tower |
| 19:06 | Scout Tower |
| 19:36 | Guard Tower |
| 19:44 | Castle |
| 20:30 | Scout Tower |
| 20:31 | Scout Tower |
| 20:57 | Guard Tower |
| 21:04 | Blacksmith |
| 21:24 | Guard Tower |
| 22:10 | Black Gunpowder |
| 22:12 | Workshop |
| 23:00 | Flare |
| 23:02 | Workshop |
| 23:05 | Scout Tower |
| 23:05 | Scout Tower |
| 23:06 | Scout Tower |
| 23:10 | Fragmentation Shards |
| 24:39 | Mortar Team |
| 24:40 | Mortar Team |
| 24:41 | Refined Gunpowder |
| 24:46 | Guard Tower |
| 25:00 | Divine Shield |
| 25:16 | Farm |
| 25:18 | Farm |
| 25:19 | Farm |
| 25:20 | Farm |
| 25:55 | Brilliance Aura |
| 26:10 | Imbued Gunpowder |
| 26:12 | Studded Leather Armor |
| 29:43 | Bash |
| 29:44 | Bash |
| 29:45 | Holy Light |
| Right click | 1531 |
| Select group | 678 |
| Select | 370 |
| Misc. action | 89 |
| Build/train/purchase | 81 |
| Resource trade | 65 |
| Use ability | 56 |
| Assign group | 20 |
| Minimap ping | 5 |
| Esc | 4 |
| Remove unit | 1 |


| Peasant | 13 | 975 | / | 0 |
| Flying Machine | 37 | 3700 | / | 1110 |
| Priest | 3 | 405 | / | 30 |
| Dragonhawk Rider | 4 | 800 | / | 120 |
| Mortar Team | 2 | 360 | / | 140 |
| Sorceress | 2 | 310 | / | 40 |
| total: | 61 | 6550g | / | 1440w |
| Scout Tower | 10 | 300 | / | 200 |
| Arcane Tower | 2 | 140 | / | 100 |
| Guard Tower | 6 | 420 | / | 300 |
| Altar of Kings | 1 | 180 | / | 50 |
| Farm | 13 | 1040 | / | 260 |
| Lumber Mill | 1 | 120 | / | 0 |
| Blacksmith | 1 | 140 | / | 60 |
| Arcane Vault | 1 | 130 | / | 30 |
| Workshop | 2 | 280 | / | 280 |
| Arcane Sanctum | 1 | 150 | / | 140 |
| Gryphon Aviary | 1 | 140 | / | 150 |
| Keep | 1 | 320 | / | 210 |
| Castle | 1 | 360 | / | 210 |
| total: | 31 | 2480g | / | 1170w |
| 0:03 | Peasant |
| 0:03 | Peasant |
| 0:09 | Altar of Kings |
| 0:19 | Farm |
| 0:28 | Peasant |
| 0:38 | Peasant |
| 0:55 | Farm |
| 1:13 | Peasant |
| 1:13 | Peasant |
| 1:14 | Peasant |
| 1:22 | Lumber Mill |
| 1:29 | Peasant |
| 1:36 | Farm |
| 1:45 | Peasant |
| 1:55 | Scout Tower |
| 1:55 | Scout Tower |
| 2:11 | Storm Bolt |
| 2:16 | Peasant |
| 2:16 | Peasant |
| 2:16 | Peasant |
| 2:26 | Scout Tower |
| 2:39 | Arcane Tower |
| 2:42 | Peasant |
| 2:44 | Arcane Tower |
| 3:29 | Keep |
| 3:44 | Guard Tower |
| 3:46 | Scout Tower |
| 3:55 | Improved Masonry |
| 4:10 | Blacksmith |
| 4:35 | Guard Tower |
| 4:39 | Scout Tower |
| 4:52 | Farm |
| 4:57 | Farm |
| 5:05 | Guard Tower |
| 5:11 | Scout Tower |
| 5:14 | Black Gunpowder |
| 5:18 | Scout Tower |
| 5:20 | Scout Tower |
| 5:23 | Improved Lumber Harvesting |
| 5:40 | Guard Tower |
| 5:43 | Farm |
| 5:53 | Castle |
| 5:56 | Workshop |
| 6:07 | Workshop |
| 6:46 | Scout Tower |
| 6:48 | Scout Tower |
| 6:53 | Advanced Masonry |
| 6:55 | Guard Tower |
| 7:13 | Refined Gunpowder |
| 7:33 | Guard Tower |
| 7:38 | Flying Machine |
| 7:57 | Farm |
| 8:01 | Farm |
| 8:03 | Flak Cannons |
| 8:05 | Flying Machine |
| 8:07 | Iron Plating |
| 8:10 | Farm |
| 8:19 | Flying Machine Bombs |
| 8:22 | Flying Machine |
| 8:32 | Flying Machine |
| 8:44 | Holy Light |
| 8:46 | Bash |
| 9:03 | Flying Machine |
| 9:09 | Imbued Masonry |
| 9:28 | Imbued Gunpowder |
| 9:31 | Steel Plating |
| 9:34 | Flying Machine |
| 9:36 | Flying Machine |
| 10:07 | Arcane Sanctum |
| 10:14 | Flying Machine |
| 10:18 | Farm |
| 10:25 | Flying Machine |
| 10:41 | Farm |
| 10:46 | Flying Machine |
| 10:46 | Flying Machine |
| 11:19 | Flying Machine |
| 11:19 | Flying Machine |
| 11:19 | Flying Machine |
| 11:21 | Farm |
| 11:22 | Magic Sentry |
| 11:28 | Priest |
| 11:41 | Gryphon Aviary |
| 12:01 | Priest |
| 12:18 | Flying Machine |
| 12:19 | Flying Machine |
| 13:07 | Arcane Vault |
| 13:09 | Flying Machine |
| 13:09 | Flying Machine |
| 13:09 | Flying Machine |
| 13:09 | Flying Machine |
| 13:10 | Flying Machine |
| 13:11 | Mithril Plating |
| 13:21 | Flying Machine |
| 13:21 | Flying Machine |
| 13:45 | Flying Machine |
| 13:56 | Cloud |
| 13:56 | Dragonhawk Rider |
| 13:56 | Dragonhawk Rider |
| 14:56 | Farm |
| 18:27 | Divine Shield |
| 19:36 | Flying Machine |
| 19:36 | Flying Machine |
| 19:36 | Flying Machine |
| 19:36 | Flying Machine |
| 19:36 | Flying Machine |
| 19:36 | Flying Machine |
| 19:37 | Flying Machine |
| 20:20 | Storm Bolt |
| 20:22 | Priest Adept Training |
| 20:33 | Dragonhawk Rider |
| 20:34 | Dragonhawk Rider |
| 21:23 | Mortar Team |
| 21:23 | Mortar Team |
| 21:28 | Fragmentation Shards |
| 21:30 | Flare |
| 25:14 | Flying Machine |
| 25:14 | Flying Machine |
| 25:15 | Flying Machine |
| 25:15 | Flying Machine |
| 25:16 | Flying Machine |
| 25:16 | Flying Machine |
| 25:59 | Priest Master Training |
| 25:59 | Priest |
| 26:00 | Sorceress Adept Training |
| 26:01 | Sorceress |
| 26:01 | Sorceress |
| 29:07 | Holy Light |
| Right click | 1819 |
| Select group | 1646 |
| Select | 445 |
| Build/train/purchase | 112 |
| Assign group | 25 |
| Resource trade | 21 |
| Use ability | 18 |
| Esc | 8 |
| Minimap ping | 5 |
| Remove unit | 1 |
โ